 Dungeon Crawl Stone Soup version 0.30.1-3-gfc49f6343a (webtiles) character file.

Game seed: 967441552999499932

145626 Draugr the Eclecticist (level 18, -3/134 HPs)
             Began as a Djinni Fire Elementalist on Aug 1, 2023.
             Was the Champion of Makhleb.
             Shot with an arrow by a satyr (6 damage)
             ... on level 4 of the Shoals on Aug 2, 2023.
             The game lasted 03:29:45 (40558 turns).

Draugr the Eclecticist (Djinni Fire Elementalist)  Turns: 40558, Time: 03:29:46

Health: -3/134     AC: 16    Str:  7    XL:     18   Next: 4%
Gold:   1651       EV: 18    Int: 30    God:    Makhleb [******] SH:  0 Dex: 17

rFire   + + .        H - +3 rapier "Muekkacke" {venom, Will+ Int+3}
rCold   + . .        (no shield)
rNeg    + + +        w - +2 leather armour {rC+}
rPois   ∞            q - +2 helmet
rElec   .            C - +2 cloak
rCorr   +            K - +2 pair of gloves
SInv    .            (boots unavailable)
Will    +++..        Z - amulet of regeneration
Stlth   ++           h - ring of willpower
HPRegen 1.22/turn    N - ring "Kian" {rC+ rN+++ rCorr Int+5 Stlth-}
MPRegen 0.00/turn

%: infuse magic (-4 HP)
@: flying
A: sickness immunity, fire resistance 2, cold vulnerability 1, float, innate
caster, HP casting, extra vitality 1
a: Renounce Religion, Minor Destruction, Lesser Servant of Makhleb, Major
Destruction, Greater Servant of Makhleb


You were on level 4 of the Shoals.
You worshipped Makhleb.
Makhleb was exalted by your worship.
You visited 8 branches of the dungeon, and saw 31 of its levels.
You also visited: Ice Cave.

You collected 2692 gold pieces.
You spent 1041 gold pieces at shops.

Inventory:

Hand Weapons
 f - a +4 dagger of protection
 H - the +3 rapier "Muekkacke" (weapon) {venom, Will+ Int+3}
   (You bought it in a shop on level 4 of the Dungeon)

   Int:       It affects your intelligence (+3).
   Will:      It increases your willpower.
 I - a +5 heavy dagger
Missiles
 o - 3 throwing nets
Armour
 q - a +2 helmet (worn)
 r - the +1 troll leather armour of Bad Feelings {rF+ Regen+}
   (You bought it in a shop on level 2 of the Orcish Mines)

   rF:        It protects you from fire.
   Regen:     It increases your rate of health regeneration.
 w - a +2 leather armour of cold resistance (worn)
 C - a +2 cloak (worn)
 F - a +2 robe of willpower
 K - a +2 pair of gloves (worn)
Jewellery
 h - a ring of willpower (left hand)
 p - a +6 ring of intelligence
 y - the ring "Wevuzi" {Ice rCorr Str+3}
   (You found it in an ice cave)

   [ring of ice]

   It enhances your ice magic.
   Str:       It affects your strength (+3).
   rF:        It makes you vulnerable to fire.
   rC:        It protects you from cold.
   rCorr:     It protects you from acid and corrosion.
 z - an amulet of the acrobat
 G - an amulet of reflection
 N - the ring "Kian" (right hand) {rC+ rN+++ rCorr Int+5 Stlth-}
   (You found it in an ice cave)

   [ring of protection from cold]

   Int:       It affects your intelligence (+5).
   rC:        It protects you from cold.
   rN:        It renders you almost immune to negative energy.
   rCorr:     It protects you from acid and corrosion.
   Stlth:     It makes you less stealthy.
 O - a ring of willpower
 P - a +4 ring of slaying
 Q - a +4 ring of protection
 S - the ring of Uhofeoc {Str+6 Dex+5 SInv}
   (You found it on level 13 of the Dungeon)

   [ring of strength]

   Str:       It affects your strength (+6).
   Dex:       It affects your dexterity (+5).
   SInv:      It lets you see invisible.
 W - a ring of wizardry
 Z - an amulet of regeneration (around neck)
Wands
 u - a wand of polymorph (20)
 v - a wand of paralysis (14)
 A - a wand of quicksilver (15)
 D - a wand of mindburst (26)
 M - a wand of digging (4)
Scrolls
 a - 6 scrolls of immolation
 b - 4 scrolls of poison
 c - a scroll of silence
 g - 3 scrolls of fog
 i - 5 scrolls of vulnerability
 j - 12 scrolls of teleportation
 x - 2 scrolls of magic mapping
 J - 2 scrolls of enchant weapon
 Y - a scroll of identify
Potions
 d - 15 potions of curing
 e - 3 potions of mutation
 k - a potion of berserk rage
 l - a potion of ambrosia
 m - 2 potions of invisibility
 n - 2 potions of lignification
 s - 4 potions of haste
 B - 5 potions of brilliance
 E - 2 potions of resistance
 L - 4 potions of attraction
 R - 4 potions of cancellation
 T - a potion of heal wounds
 V - a potion of might
Miscellaneous
 t - a phantom mirror
 X - a lightning rod (4/4)


   Skills:
 - Level 13.7 Fighting
 - Level 5.0(5.3) Short Blades
 - Level 2.6(4.2) Long Blades
 - Level 7.8 Armour
 - Level 11.9 Dodging
 - Level 4.7 Stealth
 + Level 15.5 Spellcasting
 - Level 9.8 Invocations
 - Level 9.1 Evocations


You knew the following spells:

 Your Spells              Type           Power      Damage    Failure   Level
a - Foxfire               Conj/Fire      100%       2x1d9     0%          1
b - Scorch                Fire           100%       2d9       0%          2
c - Volatile Blastmotes   Fire/Tloc      100%       2d18      0%          3
d - Inner Flame           Hex/Fire       86%        N/A       0%          3
e - Flame Wave            Conj/Fire      86%        2d18      1%          4
f - Apportation           Tloc           100%       N/A       0%          1
g - Lesser Beckoning      Tloc           100%       N/A       0%          2
h - Portal Projectile     Hex/Tloc       100%       N/A       0%          3
i - Summon Guardian Gole  Hex/Summ       86%        N/A       0%          3
j - Cause Fear            Hex            43%        N/A       1%          4
k - Agony                 Necr           86%        N/A       1%          5
l - Dispersal             Tloc           43%        N/A       1%          6
m - Enfeeble              Hex            43%        N/A       4%          7
Your spell library was empty.

Dungeon Overview and Level Annotations

Branches:
Dungeon (15/15)            Temple (1/1) D:5            Lair (4/5) D:11
 Shoals (4/4) Lair:2        Snake (3/4) Lair:2        Slime (0/5) Lair:4
    Orc (2/2) D:9             Elf (1/3) Orc:2        Vaults (0/5) D:13
 Depths (1/4) D:15          IceCv (visited)

Altars:
Ashenzari
Cheibriados
Dithmenos
Elyvilon
Fedhas
Gozag
Hepliaklqana
Makhleb
Ru
Trog
Uskayaw
Wu Jian
Xom
Yredelemnul
Zin
The Shining One
Jiyva

Shops:
D:4 (?(*   D:6 =   D:9 [   D:15 =?=?   Orc:2 :*[([   Shoals:1 =   Shoals:2 [
Shoals:3 *

Annotations:
D:11 Erolcha
D:15 3 runed translucent doors, aeroqp's ghost, journeyman FoEE
Shoals:4 Ilsuiw; Kirke
Snake:3 Bai Suzhen; Donald; Mlioglotl
Orc:1 2 transporters


Innate Abilities, Weirdness & Mutations

You are immune to sickness and miasma.
You are immune to poison.
Your flesh is very heat resistant. (rF++)
You are vulnerable to cold. (rC-)
You float through the air rather than walking.
You learn spells naturally, not from books.
Your magical power is your life essence.
You have superior vitality. (+4 MHP)


Message History

The satyr is moderately wounded.
The merfolk siren hits you from afar with a +0 trident.
The satyr shoots an arrow.
The arrow hits you!!
The satyr unwields a +0 club.
The satyr wields a +0 longbow.
The satyr shoots an arrow.
The arrow hits you!!!
A wave of flame ripples out!
The flame wave engulfs the satyr!!
The satyr is severely wounded.
The flame wave engulfs the merfolk siren!
The merfolk siren is heavily wounded.
You hear a shout!
The merfolk siren is engulfed in a cloud of scalding steam.
The merfolk siren chants a haunting song.
You resist with almost no effort.
The satyr shoots an arrow.
The arrow hits you!
* * * LOW HITPOINT WARNING * * *
The satyr shoots an arrow.
The arrow hits you!!
* * * LOW HITPOINT WARNING * * *
You feel much better.
The merfolk siren is engulfed in a cloud of scalding steam.
The merfolk siren chants a haunting song.
You resist with almost no effort.
The satyr shoots an arrow.
The arrow hits you!!
* * * LOW HITPOINT WARNING * * *
The satyr shoots an arrow.
The arrow completely misses you.
You feel much better.
The merfolk siren is engulfed in a cloud of scalding steam.
The merfolk siren hits you from afar with a +0 trident.
* * * LOW HITPOINT WARNING * * *
The satyr shoots an arrow.
The arrow hits you!
* * * LOW HITPOINT WARNING * * *
The satyr shoots an arrow.
The arrow misses you.
Casting: Flame Wave (safe; 1% risk of failure)
Confirm with . or Enter, or press ? or * to list all spells.
Casting: Dispersal (mildly dangerous; 1% risk of failure)
Press: ? - help, Dir - look around, f - activate The merfolk siren disappears!
The satyr disappears!
* * * LOW HITPOINT WARNING * * *
The satyr shoots an arrow.
The arrow hits you!
* * * LOW HITPOINT WARNING * * *
The satyr shoots an arrow.
The arrow hits you.
You die...

......~~..~~....
......~~~~~~.....
.~....~~~~~~.....
Pc...........~~~~~~....$
P............~~~~~~....#
#............).~~~§)~..#
P..........~...[§~~~~~..
.........#....§†§.~.~~~.
..............§.@[...~~~
...÷..........§~§.§...~~
.÷<...(.......§≈§§..~~~~
.~......c...≈~§≈≈~....~~
....~~~~~.~~.~≈§≈....~~~
.m..~~~~~...§.§≈≈≈≈.≈.##
....~~~~~~~.~≈≈≈≈≈≈.....
~...~~~~~~~~~≈≈≈≈≈...P.c
....~~~~~~~..~


You could see a satyr.

Vanquished Creatures
  A kraken (Shoals:2)
  An azure jelly (IceCv)
  Louise (Shoals:4)
  An orc warlord (Orc:2)
  A quicksilver ooze (IceCv)
  Snorg (D:13)
  Josephine (Orc:1)
  A merfolk javelineer (Shoals:3)
  5 merfolk impalers
  An entropy weaver (shapeshifter) (D:15)
  3 hydras
  3 merfolk avatars
  2 vault guards (D:13)
  4 centaur warriors
  4 anacondas
  3 boulder beetles
  2 satyrs (Shoals:3)
  4 two-headed ogres
  9 naga warriors
  A tengu warrior (D:14)
  A death knight (D:15)
  4 merfolk aquamancers
  3 naga sharpshooters
  A shock serpent (Snake:1)
  4 orc high priests (Orc:2)
  A vampire mage (D:15)
  A skeletal warrior (D:15)
  5 skysharks
  Sonja (Lair:4)
  Nergalle (Orc:1)
  A spark wasp zombie (D:15)
  7 sea snakes
  A golden dragon skeleton (D:15)
  5 orc knights
  2 wizards (D:13)
  5 lindwurms
  16 harpies
  2 naga ritualists
  6 deep elf pyromancers
  2 necromancers
  A wolf spider zombie (D:12)
  A mana viper (shapeshifter) (D:15)
  4 mana vipers
  A deep elf zephyrmancer (Elf:1)
  4 orc sorcerers
  An ugly thing (D:14)
  19 fauns
  6 salamanders
  6 cyclopes
  7 manticores
  2 guardian serpents
  An ice statue (IceCv)
  9 merfolk sirens
  4 elephants
  7 naga magi
  A cane toad (shapeshifter) (D:13)
  6 water nymphs
  17 black mambas
  2 molten gargoyles (Lair:3)
  12 centaur zombies (D:12)
  2 gargoyles
  A komodo dragon (D:10)
  3 cane toads
  3 kobold demonologists
  2 unseen horrors
  A guardian mummy (D:15)
  2 rime drakes
  A polar bear (Lair:2)
  8 trolls
  16 merfolk
  3 wind drakes
  A hornet (D:10)
  8 blink frogs
  6 snapping turtles
  3 dream sheep (Shoals:3)
  A meliai zombie (D:12)
  21 slime creatures
  14 water elementals
  A wyvern (D:9)
  5 vampires
  7 shadows
  13 yaks
  Grum (Lair:1)
  2 basilisks
  3 vampire mosquitoes (D:12)
  12 wraiths
  19 humans (D:13)
  A steam dragon (D:8)
  15 nagas
  2 wargs (Orc:1)
  15 water moccasins
  A glowing shapeshifter zombie (D:15)
  2 acid dragons
  3 sky beasts
  36 orc warriors
  2 ice beasts
  5 great orb of eyes simulacra (IceCv)
  9 ogres
  3 boggarts (D:14)
  A black bear (D:11)
  4 wolves (Lair:1)
  8 centaurs
  4 phantoms
  3 slime creature simulacra (IceCv)
  2 kobold brigands (D:11)
  13 bullfrogs
  4 glowing shapeshifter simulacra (IceCv)
  6 scorpions
  8 wights
  A tengu zombie (D:15)
  5 killer bees (D:9)
  5 lava snakes (Lair:3)
  2 gnoll boudas
  31 orc priests
  2 hounds (D:3)
  2 jellies
  3 iguanas
  A boggart zombie (D:12)
  34 orc wizards
  A sleepcap (D:6)
  2 shapeshifter simulacra (IceCv)
  A mummy (D:3)
  6 adders
  13 gnolls
  A river rat (D:5)
  12 white imps
  An ufetubus (D:7)
  4 worms
  2 dart slugs
  104 orcs
  7 bats
  13 endoplasms
  3 giant cockroaches
  5 goblins
  8 hobgoblins
  2 quokkas
  7 ball pythons
  3 frilled lizards
  14 kobolds
  11 rats
  A tentacle (Shoals:2)
842 creatures vanquished.

Vanquished Creatures (collateral kills)
  3 white imps (Lair:4)
  2 foxfires
5 creatures vanquished.

Vanquished Creatures (others)
  A harpy (Shoals:4)
  1672 foxfires
  36 tentacles (Shoals:2)
1709 creatures vanquished.

Grand Total: 2556 creatures vanquished

Notes
Turn   | Place    | Note
-------+----------+-------------------------------------------
     0 | D:1      | Draugr the Djinni Fire Elementalist began the quest for the
                  | Orb.
     0 | D:1      | Draugr set off with the following spells memorised:
                  | Foxfire, Scorch, Volatile Blastmotes, Inner Flame, Flame
                  | Wave.
     0 | D:1      | Reached XP level 1. HP: 15/15 MP: 0/0
   126 | D:1      | Reached skill level 1 in Fighting
   152 | D:1      | Reached XP level 2. HP: 18/22 MP: 0/0
   699 | D:1      | Reached skill level 3 in Spellcasting
   794 | D:1      | Reached XP level 3. HP: 27/27 MP: 0/0
   794 | D:1      | Learned a level 1 spell: Apportation
   907 | D:2      | Found a shimmering altar of Xom.
  1096 | D:2      | Reached XP level 4. HP: 29/32 MP: 0/0
  1239 | D:2      | Found a faded altar of an unknown god.
  1505 | D:3      | Found a snail-covered altar of Cheibriados.
  1510 | D:3      | Reached skill level 1 in Short Blades
  1648 | D:3      | Noticed a scorpion
  1655 | D:3      | Killed a scorpion
  1656 | D:3      | Reached skill level 4 in Spellcasting
  1656 | D:3      | Reached XP level 5. HP: 27/37 MP: 0/0
  1656 | D:3      | Learned a level 2 spell: Lesser Beckoning
  1789 | D:3      | Found a hide-covered altar of Uskayaw.
  1789 | D:3      | Found a glowing golden altar of the Shining One.
  1866 | D:3      | Reached XP level 6. HP: 19/42 MP: 0/0
  2224 | D:3      | Reached skill level 5 in Spellcasting
  2766 | D:4      | Found Atzeareu's Assorted Antiques.
  2769 | D:4      | Found Tuteubir's Magic Scroll Shoppe.
  2774 | D:4      | Reached XP level 7. HP: 45/47 MP: 0/0
  2774 | D:4      | Learned a level 3 spell: Portal Projectile
  2782 | D:4      | Bought a scroll of identify for 24 gold pieces
  2782 | D:4      | Bought a scroll of teleportation for 36 gold pieces
  2782 | D:4      | Bought a scroll of identify for 24 gold pieces
  2933 | D:4      | Found Cepn's Antique Weapon Emporium.
  3035 | D:4      | Found Woneak Nofad's Antique Weapon Emporium.
  3069 | D:4      | Reached skill level 6 in Spellcasting
  3642 | D:5      | Entered Level 5 of the Dungeon
  3877 | D:5      | Reached XP level 8. HP: 31/56 MP: 0/0
  4088 | D:5      | Found a staircase to the Ecumenical Temple.
  4106 | Temple   | Entered the Ecumenical Temple
  4139 | Temple   | Became a worshipper of Makhleb the Destroyer
  4407 | D:5      | Reached skill level 5 in Fighting
  4659 | D:6      | Reached skill level 1 in Armour
  4784 | D:6      | Noticed a two-headed ogre
  4936 | D:6      | Reached XP level 9. HP: 61/65 MP: 0/0
  4936 | D:6      | Learned a level 3 spell: Summon Guardian Golem
  4942 | D:6      | Reached skill level 5 in Armour
  5154 | D:6      | Found Ceirph's Jewellery Emporium.
  5316 | D:6      | Killed a two-headed ogre
  5440 | D:7      | Found a hazy altar of Hepliaklqana.
  5440 | D:7      | Found an opulent altar of Gozag.
  5441 | D:7      | Found a white marble altar of Elyvilon.
  5509 | D:7      | Reached * piety under Makhleb
  5787 | D:7      | Reached skill level 5 in Dodging
  5922 | D:7      | Found a bloodstained altar of Trog.
  6568 | D:8      | Reached XP level 10. HP: 58/70 MP: 0/0
  6572 | D:8      | Reached skill level 1 in Long Blades
  6697 | D:8      | Found a blossoming altar of Fedhas.
  6995 | D:8      | Reached skill level 1 in Evocations
  7352 | D:8      | Noticed a two-headed ogre
  7396 | D:8      | Killed a two-headed ogre
  7678 | D:8      | Reached skill level 7 in Spellcasting
  8171 | D:8      | Reached ** piety under Makhleb
  8335 | D:9      | Found a staircase to the Orcish Mines.
  8718 | D:9      | Found Emorirr's Armour Emporium.
  9198 | D:9      | Reached skill level 8 in Spellcasting
  9933 | D:10     | Entered Level 10 of the Dungeon
 10124 | D:4      | Bought a translucent rapier for 270 gold pieces
 10124 | D:4      | Identified the +3 rapier "Muekkacke" {venom, Will+ Int+3}
                  | (You bought it in a shop on level 4 of the Dungeon)
 10399 | D:10     | Reached XP level 11. HP: 50/75 MP: 0/0
 10399 | D:10     | Learned a level 4 spell: Cause Fear
 10937 | D:11     | Noticed a boulder beetle
 11149 | D:11     | Reached skill level 9 in Spellcasting
 11326 | D:11     | Noticed a boulder beetle
 11499 | D:11     | Noticed a centaur warrior
 11508 | D:11     | Killed a centaur warrior
 11623 | D:11     | Noticed a two-headed ogre
 11637 | D:11     | Killed a two-headed ogre
 11638 | D:11     | Reached skill level 10 in Spellcasting
 11721 | D:11     | Noticed Erolcha
 11758 | D:11     | Reached *** piety under Makhleb
 11812 | D:11     | Killed a boulder beetle
 12509 | D:11     | Found a staircase to the Lair.
 13280 | D:11     | Killed a boulder beetle
 13281 | D:11     | Reached XP level 12. HP: 42/81 MP: 0/0
 13722 | D:12     | Reached skill level 10 in Dodging
 14620 | Lair:1   | Entered Level 1 of the Lair of Beasts
 14864 | Lair:1   | Identified the +5 chain mail of Music {Dex+5}
 15273 | Lair:1   | Noticed Grum
 15394 | Lair:1   | Killed Grum
 15631 | Lair:2   | Found a staircase to the Shoals.
 15694 | Lair:2   | Noticed a six-headed hydra
 16355 | Lair:2   | Reached **** piety under Makhleb
 16747 | D:12     | Reached skill level 10 in Fighting
 16747 | D:12     | Reached XP level 13. HP: 94/96 MP: 0/0
 16747 | D:12     | Learned a level 5 spell: Agony
 18488 | D:13     | Noticed Snorg
 18623 | D:13     | Noticed a centaur warrior
 18730 | Orc:1    | Entered Level 1 of the Orcish Mines
 18779 | Orc:1    | Noticed an orc warlord
 19339 | Orc:1    | Noticed Nergalle
 19347 | Orc:1    | Killed Nergalle
 19353 | Orc:1    | Found a transporter.
 19361 | Orc:1    | Found a transporter.
 19519 | Orc:1    | Reached skill level 5 in Short Blades
 19668 | Orc:1    | Noticed a stone giant
 19671 | Orc:1    | Found a bloodstained altar of Trog.
 19671 | Orc:1    | Found the +8 Wrath of Trog {antimagic, *Rage Rampage}
 19699 | Orc:1    | Noticed Josephine
 20014 | Orc:1    | Killed Josephine
 20079 | Orc:1    | Reached ***** piety under Makhleb
 20292 | Orc:2    | Entered Level 2 of the Orcish Mines
 20292 | Orc:2    | Found Odghocia's Antique Armour Shoppe.
 20337 | Orc:2    | Bought a shiny helmet for 187 gold pieces
 20349 | Orc:2    | Bought a slimy troll leather armour for 500 gold pieces
 20349 | Orc:2    | Identified the +1 troll leather armour of Bad Feelings {rF+
                  | Regen+} (You bought it in a shop on level 2 of the Orcish
                  | Mines)
 20555 | Orc:2    | Reached XP level 14. HP: 93/106 MP: 0/0
 20731 | Orc:2    | Reached skill level 11 in Spellcasting
 20776 | Orc:2    | Found a staircase to the Elven Halls.
 20848 | Orc:2    | Noticed an orc warlord
 21333 | Orc:2    | Reached skill level 12 in Spellcasting
 21506 | Orc:2    | Found Poecui's Antique Armour Boutique.
 21507 | Orc:2    | Found Tauxzin's Antique Weapon Boutique.
 21509 | Orc:2    | Found Zinuilaf's General Store.
 21509 | Orc:2    | Found Tierpheif's Book Shop.
 21874 | Lair:2   | Found a staircase to the Snake Pit.
 22337 | Lair:3   | Reached skill level 5 in Evocations
 22623 | Lair:4   | Found a frozen archway.
 22643 | Lair:4   | Reached ****** piety under Makhleb
 22686 | IceCv    | Entered an ice cave
 23526 | IceCv    | Found a viscous altar of Jiyva.
 23526 | IceCv    | Noticed an azure jelly
 23541 | IceCv    | Noticed a quicksilver ooze
 23542 | IceCv    | Killed an azure jelly
 23547 | IceCv    | Killed a quicksilver ooze
 23593 | IceCv    | Got the ring "Wevuzi" {Ice rCorr Str+3}
 23598 | IceCv    | Got the ring "Kian" {rC+ rN+++ rCorr Int+5 Stlth-}
 24673 | Lair:4   | Noticed Sonja
 24677 | Lair:4   | Killed Sonja
 24744 | Lair:4   | Found a staircase to the Slime Pits.
 24744 | Lair:4   | Found a viscous altar of Jiyva.
 25052 | Lair:4   | Reached XP level 15. HP: 51/112 MP: 0/0
 25052 | Lair:4   | Learned a level 6 spell: Dispersal
 25705 | D:13     | Identified the ring of Uhofeoc {Str+6 Dex+5 SInv}
 25738 | D:13     | Found a gate to the Vaults.
 26164 | D:13     | Killed Snorg
 26200 | D:13     | Noticed Lodul
 26201 | D:13     | Lodul changed into Lodul the blink frog
 26201 | D:13     | Noticed Lodul
 26209 | D:13     | Killed Lodul the blink frog
 27548 | D:15     | Entered Level 15 of the Dungeon
 27686 | D:15     | Reached skill level 13 in Spellcasting
 27735 | D:15     | Found a staircase to the Depths.
 28169 | D:15     | Found a runed translucent gate.
 29036 | D:15     | Found a broken altar of Ashenzari.
 29754 | D:15     | Identified the +0 war axe "Toowoer" {venom, rPois rF+
                  | Dex+3}
 29755 | D:15     | Found a runed translucent gate.
 29756 | D:15     | Found a runed translucent gate.
 29764 | D:15     | Found Siggeanu's Magic Scroll Emporium.
 29876 | D:15     | Found Veedyr's Magic Scroll Shop.
 30040 | D:15     | Noticed a stone giant
 30041 | D:15     | Noticed a war gargoyle
 30057 | D:15     | Found Fatel's Jewellery Shop.
 30180 | D:15     | Noticed aeroqp's ghost (journeyman FoEE)
 30229 | D:15     | Found Jukhlik's Jewellery Shop.
 30495 | Depths:1 | Entered Level 1 of the Depths
 30500 | Depths:1 | Noticed a fire giant
 30764 | Snake:1  | Entered Level 1 of the Snake Pit
 30889 | Snake:1  | Reached XP level 16. HP: 121/121 MP: 0/0
 31060 | Snake:1  | Reached skill level 1 in Invocations
 31939 | Snake:1  | Reached skill level 5 in Invocations
 35025 | Snake:3  | Noticed Donald
 35201 | Snake:3  | Noticed Bai Suzhen
 35206 | Snake:3  | Noticed Mlioglotl
 35336 | Shoals:1 | Entered Level 1 of the Shoals
 35734 | Elf:1    | Entered Level 1 of the Elven Halls
 37070 | Shoals:1 | Found Qoydghe's Jewellery Shop.
 37323 | Shoals:2 | Reached XP level 17. HP: 128/128 MP: 0/0
 37323 | Shoals:2 | Learned a level 7 spell: Enfeeble
 37735 | Shoals:2 | Noticed a kraken
 38005 | Shoals:2 | Found Usauhop's Armour Shoppe.
 38315 | Shoals:2 | Killed a kraken
 38566 | Shoals:3 | Reached skill level 14 in Spellcasting
 39205 | Shoals:3 | Found Urrawuh's CLEARANCE SALE!.
 39722 | Shoals:4 | Entered Level 4 of the Shoals
 39722 | Shoals:4 | Noticed Louise
 39770 | Shoals:4 | Noticed Ilsuiw
 39780 | Shoals:4 | Reached skill level 15 in Spellcasting
 39780 | Shoals:4 | Noticed Kirke
 40056 | Shoals:4 | Killed Louise
 40480 | Shoals:3 | Reached XP level 18. HP: 122/134 MP: 0/0
 40555 | Shoals:4 | HP: 6/134 [satyr/arrow (22)]
 40557 | Shoals:4 | HP: 2/134 [satyr/arrow (16)]
 40558 | Shoals:4 | Shot with an arrow by a satyr

Illustrated notes

Levels and vault maps discovered:
D:1:      co_arrival_random_square_maze, layout_basic
D:2:      layout_rooms, basic_altar, ebering_ecumenical_altar_mist
D:3:      layout_basic, grunt_temple_overflow_open, slow_altar_1,
          cheibrodos_gnoll_hut
D:4:      layout_basic, serial_shops, shop,
          nicolae_shop_temple_entry_statues_fountains,
          nicolae_shop_tiny_real_fake_doors, shop_statue, serial_bayou_ford_a
D:5:      layout_basic, minmay_temple_entry_purple_smoke, portal_sewer_entry_e
D:6:      layout_basic, serial_shops, shop
D:7:      layout_loops_cross, nicolae_overflow_quartered_altars,
          nicolae_concentric_dashed_squares_mild, minmay_misc_feat_plants
D:8:      layout_loops_corners, fedhas_altar_fruit_tree
D:9:      layout_layer_cave, hiddenorc2_lemuel, dk_noncrumbling_2,
          columned_hall_lemuel, nicolae_inconvenience_store
D:10:     layout_roguey
D:11:     layout_irregular_city, due_lair_maze_entry_diamond, uniq_erolcha
D:12:     layout_cave_pods, serial_undead, serial_undead_a, serial_undead_c,
          serial_undead_c, serial_undead_a, serial_undead_f, serial_undead_d,
          serial_undead_d
D:13:     layout_long_grid, grunt_vaults_entry_tiered, minmay_lindwurm_lava,
          uniq_snorg, uniq_lodul
D:14:     minmay_inner_zag, layout_loops_cross, minmay_crystal_room
D:15:     gammafunk_depths_entry_grave, layout_layer_cave,
          nicolae_ashenzari_panopticon, serial_shops,
          nicolae_shop_back_alley_shop, nicolae_shop_pleasant_corner_grove,
          nicolae_shop_stone, nicolae_shop_gaudy_bauble, gammafunk_ghost_split
Temple:   dshaligram_water_room_temple
Lair:1:   layout_cave_pods, serial_bayou_pond_d, grunt_megastairs_4, uniq_grum
Lair:2:   layout_cellular_growth, shoals_dummy_entry,
          minmay_snake_entry_six_corridors, serial_forest,
          infiniplex_forest_end_3, infiniplex_forest_fountain,
          infiniplex_forest_lined_room_3, infiniplex_forest_clump_medium,
          infiniplex_forest_zigzag_2
Lair:3:   cheibrodos_magma_flow, layout_loops_ring
Lair:4:   layout_loops_ring, slime_entry_1, gauntlet_entry_generic,
          portal_ice_cave_entry_imps, chequers_serial_rivers_micro_c, uniq_sonja
Shoals:1: layout_shoals, serial_shops, nicolae_shop_trees
Shoals:2: layout_shoals, serial_shops, nicolae_shop_back_alley_shop
Shoals:3: layout_shoals, nicolae_shop_clearance
Shoals:4: shoals_end_grunt_garden, layout_shoals, shoal_ilsuiw, serial_shops,
          shop, nicolae_shoals_shepherds, uniq_louise, uniq_kirke
Snake:1:  layout_gridlike, nrook_loot_triangle, grunt_megastairs_3
Snake:2:  layout_basic, nicolae_elevator_lobby_asterisk, grunt_megastairs_2
Snake:3:  layout_honeycomb, uniq_bai_suzhen, uniq_mlioglotl, uniq_donald
Orc:1:    emtedronai_trogs_sanctum, layout_diamond_mine, uniq_nergalle,
          uniq_josephine
Orc:2:    st_orc_congregation, layout_diamond_mine, serial_shops,
          nicolae_shop_overgrown_old_shop
Elf:1:    minmay_elf_arrival_plus, layout_geoelf_octagon, serial_shops,
          nicolae_shop_bloodbath_and_beyond, hangedman_elf_represent,
          uniq_nikola
Depths:1: layout_cave_pools, dk_noncrumbling_4, grunt_hell_entry_dis_old,
          serial_shops, nicolae_shop_competitors_out_of_business,
          minmay_hidden_floor, uniq_enchantress

Skill      XL: |  1  2  3  4  5  6  7  8  9 10 11 12 13 14 15 16 17 |
---------------+----------------------------------------------------+-----
Fighting       | 1 3 5 10 11 13 | 13.7
Spellcasting   | 3 4 5 6 8 10 12 13 15 | 15.5
Short Blades   | 1 5 |  5.0
Armour         | 4 7 |  7.8
Dodging        | 5 9 10 11 | 11.9
Long Blades    | 2 |  2.6
Evocations     | 3 8 9 |  9.1
Stealth        | 4 |  4.7
Invocations    | 9 |  9.8

Action                     |  1- 3 |  4- 6 |  7- 9 | 10-12 | 13-15 | 16-18 || total
---------------------------+-------+-------+-------+-------+-------+-------++-------
  Melee: Unarmed           |     3 |       |       |       |       |       ||     3
         Dagger            |     3 |     4 |     6 |    55 |       |       ||    68
         Rapier            |       |       |       |    62 |   139 |   206 ||   407
         Punch             |       |       |       |       |     3 |     3 ||     6
   Cast: Foxfire           |    32 |    20 |    51 |   125 |   358 |   371 ||   957
         Scorch            |    12 |    49 |   101 |   251 |   418 |   240 ||  1071
         Volatile Blastmot |       |     2 |    14 |    74 |    29 |    13 ||   132
         Lesser Beckoning  |       |       |     2 |       |     4 |     2 ||     8
         Summon Guardian G |       |       |     1 |     6 |     3 |     1 ||    11
         Portal Projectile |       |       |     1 |     1 |       |       ||     2
         Flame Wave        |       |       |       |     3 |   102 |    94 ||   199
         Cause Fear        |       |       |       |     9 |    10 |     1 ||    20
         Agony             |       |       |       |       |    22 |       ||    22
         Inner Flame       |       |       |       |       |     2 |       ||     2
         Dispersal         |       |       |       |       |    13 |    40 ||    53
         Enfeeble          |       |       |       |       |       |     5 ||     5
  Evoke: Wand              |       |       |       |       |    16 |       ||    16
         Phantom mirror    |       |       |       |       |     1 |     1 ||     2
    Use: Scroll            |       |     3 |    14 |     9 |    14 |     6 ||    46
         Potion            |       |       |       |     3 |       |     2 ||     5
   Stab: Sleeping          |     1 |     1 |       |       |     2 |     2 ||     6
         Distracted        |       |       |       |       |       |     2 ||     2
         Confused          |       |       |       |       |       |     1 ||     1
         Invisible         |       |       |       |       |       |     2 ||     2
 Armour: Robe              |     2 |     6 |     5 |       |       |    12 ||    25
         Leather armour    |       |       |    18 |   129 |   178 |    19 ||   344
         Troll leather arm |       |       |       |       |    37 |   139 ||   176
  Dodge: Dodged            |    10 |    18 |    42 |   283 |   628 |   599 ||  1580
